NYP
CINCINNATI (NYP) REDS @ AUBURN DOUBLEDAYS
08/10/2046
 
TOP OF THE 1ST
Cincinnati (NYP) Reds batting - Pitching for Auburn Doubledays : RHP Jim Sanders
Pitching: RHP Jim Sanders
Batting: RHB Eric Sullivan 0-0: Ball
1-0: Called Strike
1-1: Ball
2-1: Foul Ball, location: 2F
2-2: SINGLE (Groundball, 6MD, EV 100.6 MPH)
Batting: RHB John Galluzzo 0-0: Ball
1-0: Swinging Strike
1-1: Foul Ball, location: 2F
1-2: Fielders Choice at 2nd, 4-6 (Groundball, 34, EV 87.5 MPH)
Batting: RHB Pat McCoy 0-0: Called Strike
0-1: Ball
1-1: Fielders Choice at 2nd, 1-6 (Groundball, 13S, EV 63.8 MPH)
Batting: LHB Chris Redhead 0-0: Ball
1-0: Ball
2-0: Foul Ball, location: 2F
2-1: Ball
3-1: Base on Balls
Pat McCoy to second
Batting: RHB Jonathan Robies 0-0: Ball
1-0: Foul Ball, location: 2F
1-1: Ball
Wild Pitch!
Pat McCoy to third
Chris Redhead to second
2-1: Foul Ball, location: 2F
2-2: Ball
3-2: SINGLE (Groundball, 4M, EV 101.2 MPH) (infield hit)
Pat McCoy scores
Chris Redhead to third
Batting: RHB Tony Casas 0-0: Ground out 4-3 (Groundball, 4, EV 83.1 MPH)
Top of the 1st over - 1 run, 2 hits, 0 errors, 2 left on base; Cincinnati (NYP) 1 - Auburn 0
BOTTOM OF THE 1ST
Auburn Doubledays batting - Pitching for Cincinnati (NYP) Reds : RHP Jalen Patterson
Pitching: RHP Jalen Patterson
Batting: RHB Antonio Vallez 0-0: Foul Ball, location: 2F
0-1: Ball
1-1: Fly out, F8 (Line Drive, 8LM, EV 105.0 MPH)
Batting: LHB Elias Posada 0-0: Foul Ball, location: 2F
0-1: Called Strike
0-2: Ball
1-2: Ball
2-2: Strikes out swinging
Batting: LHB Erik Beezley 0-0: Swinging Strike
0-1: Ground out 4-3 (Groundball, 4S, EV 77.5 MPH)
Bottom of the 1st over - 0 runs, 0 hits, 0 errors, 0 left on base; Cincinnati (NYP) 1 - Auburn 0
TOP OF THE 2ND
Cincinnati (NYP) Reds batting - Pitching for Auburn Doubledays : RHP Jim Sanders
Batting: LHB Steven Wamble 0-0: Called Strike
0-1: Fly out, F7 (Flyball, 7S, EV 79.4 MPH)
Batting: RHB Dave Ruiz 0-0: Ball
1-0: Ball
2-0: Ball
3-0: Base on Balls
Batting: RHB Pete Orban 0-0: Ball
1-0: Swinging Strike
1-1: Fielders Choice at 2nd, 6-4 (Groundball, 6, EV 105.6 MPH)
Batting: RHB Eric Sullivan 0-0: Ball
1-0: Ball
2-0: Ball
Pete Orban steals 2nd base
3-0: Called Strike
3-1: Foul Ball, location: 2F
3-2: Strikes out swinging
Top of the 2nd over - 0 runs, 0 hits, 0 errors, 1 left on base; Cincinnati (NYP) 1 - Auburn 0
BOTTOM OF THE 2ND
Auburn Doubledays batting - Pitching for Cincinnati (NYP) Reds : RHP Jalen Patterson
Batting: RHB Tony Madrigal 0-0: Called Strike
0-1: Foul Ball, location: 2F
0-2: Ball
1-2: Foul Ball, location: 2F
1-2: Ball
2-2: Ball
3-2: Foul Ball, location: 2F
3-2: Strikes out swinging
Batting: LHB Adam Jacobs 0-0: Ball
1-0: Called Strike
1-1: Swinging Strike
1-2: Ball
2-2: Foul Ball, location: 2F
2-2: Foul Ball, location: 2F
2-2: Fly out, F7 (Flyball, 78S, EV 76.9 MPH)
Batting: RHB Joe Young 0-0: Foul Ball, location: 2F
0-1: Called Strike
0-2: Ball
1-2: Ball
2-2: Ball
3-2: Hit by Pitch
Batting: RHB Scott Skoglund 0-0: Foul Ball, location: 2F
0-1: Foul Ball, location: 2F
0-2: Foul Ball, location: 2F
0-2: Ball
1-2: Ball
2-2: Strikes out swinging
Bottom of the 2nd over - 0 runs, 0 hits, 0 errors, 1 left on base; Cincinnati (NYP) 1 - Auburn 0
TOP OF THE 3RD
Cincinnati (NYP) Reds batting - Pitching for Auburn Doubledays : RHP Jim Sanders
Batting: RHB John Galluzzo 0-0: Called Strike
0-1: Foul Ball, location: 2F
0-2: Ball
1-2: Ball
2-2: Ground out 5-3 (Groundball, 56S, EV 85.0 MPH)
Batting: RHB Pat McCoy 0-0: Fly out, F9 (Flyball, 9D, EV 105.6 MPH)
Batting: LHB Chris Redhead 0-0: Ball
1-0: Ball
2-0: Swinging Strike
2-1: Foul Ball, location: 2F
2-2: Ball
3-2: Foul Ball, location: 2F
3-2: SOLO HOME RUN (Flyball, 8LXD, EV 116.9 MPH), Distance : 465 ft
Batting: RHB Jonathan Robies 0-0: Ball
1-0: Swinging Strike
1-1: Foul Ball, location: 2F
1-2: Strikes out looking
Top of the 3rd over - 1 run, 1 hit, 0 errors, 0 left on base; Cincinnati (NYP) 2 - Auburn 0
BOTTOM OF THE 3RD
Auburn Doubledays batting - Pitching for Cincinnati (NYP) Reds : RHP Jalen Patterson
Batting: RHB Chris Pynn 0-0: Called Strike
0-1: Called Strike
0-2: Foul Ball, location: 2F
0-2: Foul Ball, location: 2F
0-2: Foul Ball, location: 2F
0-2: Ball
1-2: Ball
2-2: Strikes out swinging
Batting: RHB Sentos Alatas 0-0: Swinging Strike
0-1: Called Strike
0-2: Ball
1-2: Foul Ball, location: 2F
1-2: Foul Ball, location: 2F
1-2: Foul Ball, location: 2F
1-2: Strikes out looking
Batting: RHB Antonio Vallez 0-0: Ball
1-0: Called Strike
1-1: SINGLE (Groundball, 34D, EV 98.8 MPH)
Batting: LHB Elias Posada 0-0: Ball
1-0: Ball
2-0: Fly out, F9 (Flyball, 9LMF, EV 89.4 MPH)
Bottom of the 3rd over - 0 runs, 1 hit, 0 errors, 1 left on base; Cincinnati (NYP) 2 - Auburn 0
TOP OF THE 4TH
Cincinnati (NYP) Reds batting - Pitching for Auburn Doubledays : RHP Jim Sanders
Batting: RHB Tony Casas 0-0: Ball
1-0: Bunt missed!
1-1: Ball
2-1: Ball
3-1: Foul Ball, location: 2F
3-2: Foul Ball, location: 2F
3-2: Base on Balls
Batting: LHB Steven Wamble 0-0: Called Strike
0-1: Ball
Tony Casas steals 2nd base
1-1: Ground out 6-3 (Groundball, 6, EV 96.9 MPH)
Batting: RHB Dave Ruiz 0-0: Called Strike
0-1: Ball
1-1: Called Strike
1-2: Strikes out swinging
Batting: RHB Pete Orban 0-0: Swinging Strike
0-1: SINGLE (Groundball, 6M, EV 96.2 MPH)
Tony Casas to third
Runner from 3rd tries for Home, SAFE, throw by CF to home
Batting: RHB Eric Sullivan 0-0: Ball
1-0: Ball
2-0: SINGLE (Groundball, 56D, EV 96.9 MPH)
Pete Orban to second
Runner from 2nd tries for 3rd, OUT! 7-5
Top of the 4th over - 1 run, 2 hits, 0 errors, 1 left on base; Cincinnati (NYP) 3 - Auburn 0
BOTTOM OF THE 4TH
Auburn Doubledays batting - Pitching for Cincinnati (NYP) Reds : RHP Jalen Patterson
Batting: LHB Erik Beezley 0-0: Called Strike
0-1: Ball
1-1: Foul Ball, location: 2F
1-2: Foul Ball, location: 2F
1-2: Ball
2-2: Fly out, F5 (Popup, 56, EV 68.1 MPH)
Batting: RHB Tony Madrigal 0-0: Ball
1-0: Called Strike
1-1: Foul Ball, location: 2F
1-2: Foul Ball, location: 2F
1-2: Ball
2-2: Ball
3-2: Ground out 5-3 (Groundball, 56S, EV 81.9 MPH)
Batting: LHB Adam Jacobs 0-0: Called Strike
0-1: Ball
1-1: Foul Ball, location: 2F
1-2: Ball
2-2: Ball
3-2: Foul Ball, location: 2F
3-2: Foul Ball, location: 2F
3-2: Base on Balls
Batting: RHB Joe Young 0-0: Ball
1-0: Called Strike
1-1: Swinging Strike
1-2: Ball
2-2: Ground out 5-3 (Groundball, 56S, EV 58.1 MPH)
Bottom of the 4th over - 0 runs, 0 hits, 0 errors, 1 left on base; Cincinnati (NYP) 3 - Auburn 0
TOP OF THE 5TH
Cincinnati (NYP) Reds batting - Pitching for Auburn Doubledays : RHP Jim Sanders
Pitching: RHP Greg Hall
Batting: RHB John Galluzzo 0-0: Ball
1-0: Ball
2-0: Ball
3-0: Called Strike
3-1: Foul Ball, location: 2F
3-2: Strikes out looking
Batting: RHB Pat McCoy 0-0: Called Strike
0-1: Fly out, F6 (Popup, 6, EV 52.5 MPH)
Batting: LHB Chris Redhead 0-0: Ball
1-0: Ball
2-0: Ball
3-0: Base on Balls
Batting: RHB Jonathan Robies 0-0: Fielders Choice at 2nd, 6-4 (Groundball, 6, EV 86.2 MPH)
Top of the 5th over - 0 runs, 0 hits, 0 errors, 1 left on base; Cincinnati (NYP) 3 - Auburn 0
BOTTOM OF THE 5TH
Auburn Doubledays batting - Pitching for Cincinnati (NYP) Reds : RHP Jalen Patterson
Pitching: RHP Dave Baber
Batting: RHB Scott Skoglund 0-0: Ball
1-0: Called Strike
1-1: Ball
2-1: Ball
3-1: Swinging Strike
3-2: Foul Ball, location: 2F
3-2: Foul Ball, location: 2F
3-2: Strikes out looking
Batting: RHB Chris Pynn 0-0: Ball
1-0: Foul Ball, location: 2F
1-1: Ball
2-1: Ground out 1-3 (Groundball, 13, EV 66.9 MPH)
Batting: RHB Sentos Alatas 0-0: Ball
1-0: Ball
2-0: Foul Ball, location: 2F
2-1: Fly out, F7 (Flyball, 7, EV 95.0 MPH)
Bottom of the 5th over - 0 runs, 0 hits, 0 errors, 0 left on base; Cincinnati (NYP) 3 - Auburn 0
TOP OF THE 6TH
Cincinnati (NYP) Reds batting - Pitching for Auburn Doubledays : RHP Greg Hall
Batting: RHB Tony Casas 0-0: Foul Ball, location: 2F
0-1: Foul Ball, location: 2F
0-2: Ball
1-2: Ball
2-2: Foul Ball, location: 2F
2-2: Strikes out swinging
Batting: LHB Steven Wamble 0-0: Foul Ball, location: 2F
0-1: Foul Ball, location: 2F
0-2: Foul Ball, location: 2F
0-2: Fly out, F7 (Flyball, 7S, EV 72.5 MPH)
Batting: RHB Dave Ruiz 0-0: Ball
1-0: Called Strike
1-1: Foul Ball, location: 2F
1-2: Strikes out swinging
Top of the 6th over - 0 runs, 0 hits, 0 errors, 0 left on base; Cincinnati (NYP) 3 - Auburn 0
BOTTOM OF THE 6TH
Auburn Doubledays batting - Pitching for Cincinnati (NYP) Reds : RHP Dave Baber
Batting: RHB Antonio Vallez 0-0: Ball
1-0: Ball
2-0: Foul Ball, location: 2F
2-1: Foul Ball, location: 2F
2-2: Strikes out swinging
Batting: LHB Elias Posada 0-0: Ball
1-0: Foul Ball, location: 2F
1-1: Swinging Strike
1-2: Ground out 4-3 (Groundball, 4, EV 85.0 MPH)
Batting: LHB Erik Beezley 0-0: Ball
1-0: Ball
2-0: Ball
3-0: Base on Balls
Pitching: RHP Marcus Jackson
Batting: RHB Tony Madrigal 0-0: Foul Ball, location: 2F
0-1: Called Strike
0-2: Ball
1-2: Ball
2-2: Ball
3-2: Foul Ball, location: 2F
3-2: Base on Balls
Erik Beezley to second
Batting: LHB Adam Jacobs 0-0: Ball
1-0: Fielders Choice at 2nd, 6-4 (Groundball, 6, EV 79.4 MPH)
Bottom of the 6th over - 0 runs, 0 hits, 0 errors, 2 left on base; Cincinnati (NYP) 3 - Auburn 0
TOP OF THE 7TH
Cincinnati (NYP) Reds batting - Pitching for Auburn Doubledays : RHP Greg Hall
Batting: RHB Pete Orban 0-0: Called Strike
0-1: Ball
1-1: Foul Ball, location: 2F
1-2: Hit by Pitch
Pitching: LHP Leo Gutierrez
Batting: RHB Eric Sullivan 0-0: Sac Bunt to 5S - play at first, batter OUT! 5-3
Pete Orban to second
Batting: RHB John Galluzzo 0-0: Called Strike
0-1: Ball
1-1: Foul Ball, location: 2F
1-2: Ball
2-2: Strikes out swinging
Batting: RHB Pat McCoy 0-0: Called Strike
0-1: Swinging Strike
0-2: Ground out 5-3 (Groundball, 56S, EV 90.6 MPH)
Top of the 7th over - 0 runs, 0 hits, 0 errors, 1 left on base; Cincinnati (NYP) 3 - Auburn 0
BOTTOM OF THE 7TH
Auburn Doubledays batting - Pitching for Cincinnati (NYP) Reds : RHP Marcus Jackson
Batting: RHB Joe Young 0-0: Ball
1-0: Called Strike
1-1: Called Strike
1-2: Foul Ball, location: 2F
1-2: SINGLE (Line Drive, 78S, EV 99.4 MPH)
Batting: RHB Scott Skoglund 0-0: Ball
1-0: Foul Ball, location: 2F
1-1: Swinging Strike
1-2: Strikes out swinging
Batting: RHB Chris Pynn 0-0: Ball
1-0: Ball
2-0: Swinging Strike
2-1: Swinging Strike
2-2: Strikes out swinging
Batting: RHB Sentos Alatas 0-0: Called Strike
0-1: Called Strike
0-2: Strikes out swinging
Bottom of the 7th over - 0 runs, 1 hit, 0 errors, 1 left on base; Cincinnati (NYP) 3 - Auburn 0
TOP OF THE 8TH
Cincinnati (NYP) Reds batting - Pitching for Auburn Doubledays : LHP Leo Gutierrez
Batting: LHB Chris Redhead 0-0: Ball
1-0: Fly out, F8 (Line Drive, 8LM, EV 96.9 MPH)
Batting: RHB Jonathan Robies 0-0: Ball
1-0: Ball
2-0: Called Strike
2-1: Fly out, F8 (Flyball, 8LM, EV 94.4 MPH)
Batting: RHB Tony Casas 0-0: Ball
1-0: Ball
2-0: Ground out U3 (Groundball, 3, EV 88.8 MPH)
Top of the 8th over - 0 runs, 0 hits, 0 errors, 0 left on base; Cincinnati (NYP) 3 - Auburn 0
BOTTOM OF THE 8TH
Auburn Doubledays batting - Pitching for Cincinnati (NYP) Reds : RHP Marcus Jackson
Batting: RHB Antonio Vallez 0-0: Ball
1-0: Fly out, F7 (Flyball, 78D, EV 95.6 MPH)
Batting: LHB Elias Posada 0-0: Ball
1-0: Called Strike
1-1: Ground out U3 (Groundball, 3L, EV 85.0 MPH)
Batting: LHB Erik Beezley 0-0: Ball
1-0: Foul Ball, location: 2F
1-1: Ball
2-1: Foul Ball, location: 2F
2-2: Foul Ball, location: 2F
2-2: Ball
3-2: SINGLE (Groundball, 56D, EV 102.5 MPH)
Pitching: RHP Jeremy Whooley
Batting: RHB Tony Madrigal 0-0: Ball
1-0: Foul Ball, location: 2F
1-1: Swinging Strike
1-2: Foul Ball, location: 2F
1-2: Ball
2-2: SINGLE (Line Drive, 8LS, EV 95.0 MPH)
Erik Beezley to second
Batting: LHB Adam Jacobs 0-0: Called Strike
0-1: Swinging Strike
0-2: Ball
1-2: Ball
2-2: Ball
3-2: Foul Ball, location: 2F
3-2: Strikes out swinging
Bottom of the 8th over - 0 runs, 2 hits, 0 errors, 2 left on base; Cincinnati (NYP) 3 - Auburn 0
TOP OF THE 9TH
Cincinnati (NYP) Reds batting - Pitching for Auburn Doubledays : LHP Leo Gutierrez
Pinch Hitting: RHB Pat Grover 0-0: Foul Ball, location: 2F
0-1: Ball
1-1: Swinging Strike
1-2: Ball
2-2: Ball
3-2: Strikes out swinging
Batting: RHB Dave Ruiz 0-0: Ball
1-0: Foul Ball, location: 2F
1-1: Fly out, F9 (Flyball, 9LS, EV 86.2 MPH)
Batting: RHB Pete Orban 0-0: Foul Ball, location: 2F
0-1: Fly out, F7 (Line Drive, 7S, EV 106.9 MPH)
Top of the 9th over - 0 runs, 0 hits, 0 errors, 0 left on base; Cincinnati (NYP) 3 - Auburn 0
BOTTOM OF THE 9TH
Auburn Doubledays batting - Pitching for Cincinnati (NYP) Reds : RHP Jeremy Whooley
Pitching: RHP Gary King
Now at C: Pat Grover
Now at 2B: Eric Sullivan
Now at 3B: Jonathan Robies
Now in RF: Pat McCoy
Batting: RHB Joe Young 0-0: Ball
1-0: Swinging Strike
1-1: Ball
2-1: Swinging Strike
2-2: Foul Ball, location: 2F
2-2: Ball
3-2: DOUBLE (Line Drive, 78D, EV 108.1 MPH)
Pinch Hitting: SHB Gabe Fraunfelder 0-0: Called Strike
0-1: Swinging Strike
0-2: Strikes out looking
Pinch Hitting: SHB Curtis DeLille 0-0: Called Strike
0-1: Foul Ball, location: 2F
0-2: Ball
1-2: Strikes out swinging
Pinch Hitting: LHB Yoshiya Kurokawa 0-0: Ball
1-0: Swinging Strike
1-1: Fly out, F9 (Flyball, 89D, EV 95.6 MPH)
Bottom of the 9th over - 0 runs, 1 hit, 0 errors, 1 left on base; Cincinnati (NYP) 3 - Auburn 0
Tuesday, September 13th , 2022 - OOTP Baseball 23.7 Build 88